 Dungeon Crawl Stone Soup version 0.28.0-49-g6dfe1f597d (webtiles) character file.

Game seed: 4080533540039656611

69 Exodus22XD the Poker (level 4, 0/33 HPs)
             Began as a Demonspawn Gladiator on May 15, 2022.
             Slain by Terence
             ... wielding a +2 falchion of holy wrath
              (8 damage)
             ... on level 2 of the Dungeon.
             The game lasted 00:02:41 (1722 turns).

Exodus22XD the Poker (Demonspawn Gladiator)         Turns: 1722, Time: 00:02:41

Health: 0/33       AC:  8    Str: 16    XL:     4   Next: 2%
Magic:  4/4        EV: 11    Int: 10    God:
Gold:   125        SH:  0    Dex: 14    Spells: 3/3 levels left

rFire   . . .      SeeInvis .   a - +0 trident
rCold   . . .      Faith    .   (no shield)
rNeg    . . .      Spirit   .   g - +0 ring mail
rPois   .          Reflect  .   c - +0 helmet
rElec   .          Harm     .   (no cloak)
rCorr   .          Rampage  .   (no gloves)
Will    .....                   (no boots)
Stlth   +.........              (no amulet)
HPRegen 0.11/turn               (no ring)
MPRegen 0.09/turn               (no ring)

@: no status effects
A: yellow scales 1, powered by death 1
a: no special abilities


You were on level 2 of the Dungeon.
You visited 1 branch of the dungeon, and saw 2 of its levels.

You collected 125 gold pieces.

Inventory:

Hand Weapons
 a - a +0 trident (weapon)
 j - a +0 vorpal spear
Missiles
 d - 3 throwing nets (quivered)
Armour
 b - a +0 leather armour
 c - a +0 helmet (worn)
 g - a +0 ring mail (worn)
Scrolls
 e - 3 scrolls of immolation
 f - a scroll of teleportation
 h - a scroll of identify {unknown}
 i - a scroll of vulnerability {unknown}
Potions
 k - a potion of curing {unknown}


   Skills:
 + Level 2.1 Fighting
 + Level 3.4 Polearms
 + Level 1.8 Throwing
 + Level 0.9 Armour
 + Level 3.3 Dodging
 + Level 1.0 Stealth


You had 3 spell levels left.
You didn't know any spells.
Your spell library contained the following spells:

 Spells                   Type           Power      Damage    Failure   Level
 Metabolic Englaciation   Hex/Ice        0%         N/A       100%        5
 Simulacrum               Ice/Necr       0%         N/A       100%        6


Dungeon Overview and Level Annotations

Branches:
Dungeon (2/15)

Altars:

Shops:
D:1 (

Annotations:
D:2 Terence


Innate Abilities, Weirdness & Mutations

You are partially covered in yellow scales. (AC +2)
You regenerate a little health from kills.


Message History

As you close the door, it creaks loudly!
There is an open door here.
You close the door.
Terence shouts!
The kobold shouts!
You open the door.
There is an open door here.
You open the door.
There is an open door here.
Terence says, "Did you write a will?
You should..."
Which direction?
You close the door.
You open the door.
Which direction?
You close the door.
You open the door. Terence closely misses you.
You hit Terence but do no damage.
Terence says, "Rest in peace."
Terence hits you with a +2 falchion of holy wrath.
You convulse.
You puncture Terence!
Terence is moderately wounded.
Terence hits you with a +2 falchion of holy wrath.
You convulse.
Okay, then.
You hit Terence. Your punch misses Terence.
Terence is moderately wounded.
Terence hits you with a +2 falchion of holy wrath.
You convulse.
You hit Terence.
Terence is heavily wounded.
Terence hits you with a +2 falchion of holy wrath.
You convulse.
* * * LOW HITPOINT WARNING * * *
You hit Terence but do no damage.
Terence is heavily wounded.
Terence barely misses you. Terence closely misses you.
You barely miss Terence.
Terence is heavily wounded.
Terence hits you with a +2 falchion of holy wrath!
You die...

)#....# #...........####.#
####
.##########...).......##<#.#
# .#.# #..............##.#.#
# .#.# #...................#
# .#.# #........@K.....#.###
# .#.##
####.#########..#...# #
.#..# ##'#### #.........####
# ###.#
#.....###............# #
..#.# #....K@@'...>........#
# .<#.#
#.....###...[........# #
..#.# #.....#
#............### ....#
#.....###......#####@...
..###
#.....##......#.###.#... ..#
#.....##.....#.#.#.#.#.. ..#
#.....##.....##.#@#.##.. ..#
#.....##.....###.#.###.. ###
########.....##.#.#.##..


You could see Terence and a kobold.

Vanquished Creatures
  3 adders
  A dart slug (D:1)
  7 bats
  3 endoplasms
  4 hobgoblins (D:1)
  3 kobolds
  3 quokkas
  6 ball pythons
  2 frilled lizards (D:2)
  2 goblins (D:1)
  7 rats
41 creatures vanquished.

Notes
Turn   | Place    | Note
-------+----------+-------------------------------------------
     0 | D:1      | Exodus22XD the Demonspawn Gladiator began the quest for the
                  | Orb.
     0 | D:1      | Reached XP level 1. HP: 16/16 MP: 1/1
    48 | D:1      | Found Teoth's Antique Weapon Shoppe.
   285 | D:1      | Gained mutation: You are partially covered in yellow
                  | scales. (AC +2) [demonic ancestry]
   285 | D:1      | Reached XP level 2. HP: 22/22 MP: 2/2
   777 | D:2      | Gained mutation: You regenerate a little health from kills.
                  | [demonic ancestry]
   777 | D:2      | Reached XP level 3. HP: 14/27 MP: 3/3
  1081 | D:2      | Noticed Terence
  1368 | D:2      | Reached skill level 1 in Stealth
  1379 | D:2      | Got Solan's Incunabulum of Snow
  1405 | D:2      | Found a faded altar of an unknown god.
  1502 | D:2      | Reached XP level 4. HP: 33/33 MP: 4/4
  1722 | D:2      | Slain by Terence

Illustrated notes

Levels and vault maps discovered:
D:1:      dpeg_arrival_solitude, layout_basic, serial_shops, shop
D:2:      layout_basic, shapermc_ecumenical_altar_notcrosses, minmay_circle_x,
          uniq_terence

Skill      XL: |  1  2  3 |
---------------+----------+-----
Dodging        | 3 |  3.3
Polearms       | 3 |  3.4
Stealth        | 1 |  1.0
Fighting       | |  2.1
Throwing       | |  1.8
Armour         | |  0.9

Action                   |  1- 3 |  4- 6 || total
-------------------------+-------+-------++-------
Melee: Trident           |   138 |    15 ||   153
  Use: Scroll            |       |     2 ||     2
 Stab: Sleeping          |     2 |       ||     2
Armor: Leather armour    |    37 |       ||    37
       Ring mail         |    25 |     3 ||    28
Dodge: Dodged            |    88 |     5 ||    93
